 Dungeon Sprint DCSS version 0.22.0-13-g43fe8f2 (webtiles) character file.

1400000 poirepourri the Warrior (level 11, -27/121 HPs)
             Began as a Minotaur Fighter on Aug 16, 2018.
             Was an Initiate of Makhleb.
             Annihilated by a meat berserker
             ... wielding a +9 battleaxe
              (50 damage)
             ... in the Dungeon (Sprint VIII: "Arena of Blood").
             The game lasted 00:00:43 (14 turns).

poirepourri the Warrior (Minotaur Fighter)            Turns: 14, Time: 00:00:43

Health: -27/121    AC: 11    Str: 20    XL:     11   Next: 71%
Magic:  10/10      EV: 10    Int:  5    God:    Makhleb [......]
Gold:   0          SH:  0    Dex: 14    Spells: 10/10 levels left

rFire    . . .     SeeInvis .   l - +∞ Axe of Woe
rCold    . . .     Gourm    .   (shield currently unavailable)
rNeg     . . .     Faith    .   b - +0 scale mail
rPois    .         Spirit   .   (helmet restricted)
rElec    .         Reflect  .   (no cloak)
rCorr    .         Harm     .   (no gloves)
MR       .....     NoTele   +   (no boots)
Stlth    ..........             (no amulet)
HPRegen  0.30/turn              (no ring)
MPRegen  0.12/turn              (no ring)

@: no status effects
A: retaliatory headbutt, horns 2
a: Renounce Religion


You were in the Dungeon.
You worshipped Makhleb.
Makhleb was noncommittal.
You were not hungry.

You visited 1 branch

Inventory:

Hand Weapons
 a - a +0 war axe
 l - the +∞ Axe of Woe (weapon)
   (You found it in the Dungeon)
Armour
 b - a +0 scale mail (worn)
 c - a +0 shield
Scrolls
 k - a scroll of blinking
Potions
 d - a potion of might
 e - a potion of curing
 g - a potion of heal wounds
 h - a potion of haste
 i - 2 potions of magic
 j - a potion of berserk rage
Comestibles
 f - a ration


   Skills:
 + Level 18.7 Fighting
 + Level 11.6 Axes
 + Level 18.5 Armour
 + Level 18.2 Shields


You had 10 spell levels left.
You didn't know any spells.
Your spell library was empty.

Dungeon Overview and Level Annotations

Branches:
Dungeon (1/1)

Altars:
Makhleb


Innate Abilities, Weirdness & Mutations

You reflexively headbutt those who attack you in melee.
You have a pair of horns on your head.


Message History

Press < or > to pray at altars.
l - the +∞ Axe of Woe You hear a shout! x6
The meat berserker hits you with a +9 battleaxe!!!
You hear a shout!
The meat berserker appears out of thin air!
A meat berserker comes into view. It is wielding a +9 battleaxe.
The bag of meat hits you but does no damage.
The meat berserker hits you with a +9 battleaxe!!!
* * * LOW HITPOINT WARNING * * *
You hear a shout! x2
A meat berserker comes into view. It is wielding a +9 battleaxe.
Unknown command.
Press < or > to pray at altars.
Unknown command.
Press < or > to pray at altars.
l - the +∞ Axe of Woe (weapon)
You hear a shout! x4
The meat berserker hits you with a +9 battleaxe!!!
You die...

#.. ..# #.. ..#
.###.. ..###.
......###......
....._.....
#.....# .
#_.<._# .
....#.oOO.#....
O..o..O@.......
......###......
.###.. ..###.
#.. ..# #. .#
.. .o .. ..


You could see 4 meat berserkers and 2 bags of meat.

Vanquished Creatures
  An orc (D)
1 creature vanquished.

Notes
Turn   | Place    | Note
-------+----------+-------------------------------------------
     0 | D        | Found the +∞ Axe of Woe
     0 | D        | poirepourri the Minotaur Fighter began the quest for the Orb.
     0 | D        | Reached XP level 1. HP: 19/19 MP: 0/0
     2 | D        | Noticed a bag of meat
     4 | D        | Noticed a bag of meat
     7 | D        | Noticed a bag of meat
     9 | D        | Became a worshipper of Makhleb the Destroyer
    11 | D        | Killed a bag of meat
    11 | D        | Reached XP level 2. HP: 53/53 MP: 1/1
    11 | D        | Reached XP level 3. HP: 60/60 MP: 2/2
    11 | D        | Reached XP level 4. HP: 69/69 MP: 3/3
    11 | D        | Reached XP level 5. HP: 75/75 MP: 4/4
    11 | D        | Reached XP level 6. HP: 83/83 MP: 5/5
    11 | D        | Reached XP level 7. HP: 91/91 MP: 6/6
    11 | D        | Reached XP level 8. HP: 99/99 MP: 7/7
    11 | D        | Reached XP level 9. HP: 105/105 MP: 8/8
    11 | D        | Reached XP level 10. HP: 114/114 MP: 9/9
    11 | D        | Reached XP level 11. HP: 121/121 MP: 10/10
    11 | D        | Noticed a meat berserker
    11 | D        | Noticed a meat berserker
    11 | D        | Noticed a bag of meat
    13 | D        | Noticed a meat berserker
    13 | D        | Noticed a meat berserker
    14 | D        | Annihilated by a meat berserker

Skill      XL: |  1 |
---------------+----+-----
Fighting       | 18 | 18.7
Axes           | 11 | 11.6
Armour         | 18 | 18.5
Shields        | 18 | 18.2

Action                   |  1- 3 |  4- 6 |  7- 9 | 10-12 || total
-------------------------+-------+-------+-------+-------++-------
Melee: Executioner's axe |     1 |       |       |       ||     1
Armor: Scale mail        |       |       |       |     1 ||     1
Dodge: Dodged            |       |       |       |     1 ||     1
